 Dungeon Crawl Stone Soup version 0.30-a0-304-gdc4b735fe1 (webtiles) character file.

Game seed: 13050654645177144071

14 blackman the Magician (level 2, -1/22 HPs)
             Began as a Human Wanderer on Oct 21, 2022.
             Slain by a goblin
             ... wielding a +0 club
              (4 damage)
             ... on level 1 of the Dungeon.
             The game lasted 00:00:54 (171 turns).

blackman the Magician (Human Wanderer)               Turns: 171, Time: 00:00:55

Health: -1/22      AC:  2    Str: 11    XL:     2   Next: 60%
Magic:  7/7        EV: 10    Int: 12    God:
Gold:   23         SH:  4    Dex: 13    Spells: 8/9 levels left

rFire   . . .      SeeInvis .    e - +4 dagger
rCold   . . .      Faith    .    d - +0 buckler
rNeg    . . .      Spirit   .    c - +0 robe
rPois   .          Reflect  .    (no helmet)
rElec   .          Harm     .    (no cloak)
rCorr   .          Rampage  .    (no gloves)
Will    .....                    (no boots)
Stlth   ++........               (no amulet)
HPRegen 0.23/turn                (no ring)
MPRegen 0.10/turn                (no ring)

@: no status effects
A: no striking features
a: no special abilities


You were on level 1 of the Dungeon.
You visited 1 branch of the dungeon, and saw 1 of its levels.

You collected 23 gold pieces.

Inventory:

Hand Weapons
 a - a +0 dagger
 e - a +4 dagger (weapon)
Armour
 c - a +0 robe (worn)
 d - a +0 buckler (worn)
Scrolls
 b - a scroll of blinking
 f - a scroll of poison {unknown}
 g - a scroll of enchant armour {unknown}


   Skills:
 * Level 2.0 Fighting
 - Level 1.0 Armour
 - Level 1.0 Stealth
 - Level 1.0 Shields
 - Level 4.0 Spellcasting
 - Level 3.0 Necromancy


You had 8 spell levels left.
You knew the following spells:

 Your Spells              Type           Power      Damage    Failure   Level
a - Kiss of Death         Conj/Necr      24%        2d7       16%         1

Your spell library contained the following spells:

 Spells                   Type           Power      Damage    Failure   Level
 Animate Dead             Necr           9%         N/A       65%         4
 Dispel Undead            Necr           9%         3d8       65%         4


Dungeon Overview and Level Annotations

Branches:
Dungeon (1/15)

Altars:


Message History

You hit the giant cockroach.
You kill the giant cockroach!
The kobold barely misses you.
A goblin comes into view. It is wielding a +0 club.
Your Fighting skill increases to level 2!
You closely miss the kobold.
The kobold hits you with a +0 short sword.
A ball python comes into view.
You barely miss the kobold. The kobold hits you but does no damage.
The goblin shouts!
The ball python hisses angrily.
You hit the kobold.
The kobold is severely wounded.
You block the kobold's attack.
You closely miss the kobold.
The kobold is severely wounded.
The kobold hits you with a +0 short sword.
The frilled lizard closely misses you.
You hit the kobold.
You kill the kobold!
The frilled lizard bites you but does no damage.
You hit the frilled lizard.
The frilled lizard is heavily wounded.
The frilled lizard bites you.
You hit the frilled lizard.
You kill the frilled lizard!
The goblin barely misses you. The ball python bites you.
* * * LOW HITPOINT WARNING * * *
The ball python completely misses you. The goblin attacks as you move away!
The goblin closely misses you.
The ball python attacks as you move away!
The ball python bites you but does no damage. x2
You block the ball python's attack. The goblin attacks as you move away!
The goblin hits you with a +0 club.
* * * LOW HITPOINT WARNING * * *
The goblin attacks as you move away! The goblin hits you with a +0 club.
* * * LOW HITPOINT WARNING * * *
The ball python attacks as you move away!
The ball python bites you but does no damage.
You barely miss the goblin. The goblin hits you with a +0 club.
You die... ...
P.. ... .P# #.#PPP.PPP.PPP.P# .. #..P.....P...P.P# ..# #..PPPPPPPPPPP.P#

.... #............#
..#.####.).......#).##
.........).J.........#
..............gS######
........#######@.#
##..[(....######.####
#..................###
.......##...#.......#...
#......####.#.).........
...>....###..##.##......
##.#.....................
.....#...†........#......
##.#.....................


You could see an endoplasm, a goblin and a ball python.

Vanquished Creatures
  An endoplasm (D:1)
  A giant cockroach (D:1)
  2 goblins (D:1)
  2 hobgoblins (D:1)
  3 kobolds (D:1)
  2 bats (D:1)
  A frilled lizard (D:1)
12 creatures vanquished.

Notes
Turn   | Place    | Note
-------+----------+-------------------------------------------
     0 | D:1      | blackman the Human Wanderer began the quest for the Orb.
     0 | D:1      | blackman set off with the following items: a +0 dagger, a
                  | scroll of blinking, a +0 robe, a +0 buckler; and the
                  | following spell memorised: Kiss of Death; and the following
                  | spells available to memorise: Animate Dead, Dispel Undead.
     0 | D:1      | Reached XP level 1. HP: 13/13 MP: 5/5
    37 | D:1      | Reached skill level 1 in Fighting
    59 | D:1      | Reached XP level 2. HP: 14/21 MP: 7/7
   171 | D:1      | Slain by a goblin

Illustrated notes

Levels and vault maps discovered:
D:1:      reono_arrival_mine, layout_rooms, minmay_hedge_maze,
          serial_park_tiny_2, minmay_misc_feat_square

Skill      XL: |  1  2 |
---------------+-------+-----
Fighting       | 1 2 |  2.0
Armour         | |  1.0
Stealth        | |  1.0
Shields        | |  1.0
Spellcasting   | |  4.0
Necromancy     | |  3.0

Action                   || total
-------------------------++-------
Melee: Dagger            ||    31
 Cast: Kiss of Death     ||     1
 Stab: Sleeping          ||     2
Armor: Robe              ||    13
Dodge: Dodged            ||    13
Block: Buckler           ||     7

Table legend: (Time is in decaauts)
 A = Elapsed time spent in this place.
 B = Non-inter-level travel time spent in this place.
 C = Inter-level travel time spent in this place.
 D = Time resting spent in this place.
 E = Time spent auto-exploring this place.
 F = Levels seen in this place.
 G = Mean time per level.
                   A        B        C        D        E       F      G
               +--------+--------+--------+--------+--------+-----+--------+
         Total |    171 |    168 |      3 |      0 |     94 |   1 |  171.0 |
       Dungeon |    171 |    168 |      3 |      0 |     94 |   1 |  171.0 |
               +--------+--------+--------+--------+--------+-----+--------+

Top non-repeatable levels by time:
     D:1: 171 daAuts
